[Event "Hungarian Youth-ch U12 2022"]
[Site "Eger"]
[Date "2022.07.28"]
[Round "6.3"]
[White "Onodi, Miklos"]
[Black "Horvath, Matyas Sandor"]
[Result "1-0"]
[ECO "A49"]
[WhiteElo "1901"]
[BlackElo "1431"]
[Annotator "TA"]
[PlyCount "99"]
[EventDate "2022.07.21"]
[EventType "tourn"]
[EventCountry "HUN"]
[SourceTitle "playchess.com"]
[Source "ChessBase"]
[SourceQuality "1"]
[TimeControl "40/5400+30:1800+30"]

1. d4 Nf6 2. Nf3 g6 3. g3 Bg7 4. Bg2 O-O 5. O-O c6 6. b3 d5 7. c4 dxc4 8. bxc4 c5 9. Bb2 cxd4 10. Nxd4 Qb6 11. Nb5 {[%emt 0:12:20] [#] A49: 1 d4 Nf6 2 Nf3 g6 3 g3: Anti-King's Indian systems.} Nfd7 $146 (11... a6 $11 12. Bd4 Qd8) ({Predecessor:} 11... Rd8 12. Qb3 a6 13. N5c3 Qxb3 14. axb3 Nc6 15. Na4 Bf5 16. Nb6 Rab8 17. Bxc6 bxc6 18. Rxa6 Nd7 19. Nxd7 Rxd7 20. Bxg7 Kxg7 {½-½ (73) Muse,D (2418)-Brener,I (2321) Playchess.com INT 2005}) 12. N1c3 $14 Nf6 {[%emt 0:03:39] [#]} (12... Qd8 $14) 13. Na4 $1 $18 {[%emt 0:01:33] White has a decisive advantage.} Qd8 14. Qxd8 Rxd8 15. Nc7 Na6 $2 (15... Bd7 16. Nb6 (16. Nxa8 Bxa4 17. Nc7 Rd7 $18) 16... axb6) 16. Nxa6 Rd2 17. Bc3 Rc2 18. Rfc1 Rxe2 19. Bf3 Re6 20. Nc7 Rb8 21. Nxe6 Bxe6 22. Rab1 b6 23. Bd5 Bh6 24. Bxf6 Bxd5 25. Be5 Rc8 26. Bf4 Bxf4 27. gxf4 Bxc4 28. Rc3 Be6 29. Rxc8+ Bxc8 30. Rd1 {[%emt 0:00:42] Rd8+ is the strong threat.} Be6 31. a3 Bb3 32. Rd8+ Kg7 33. Nb2 e6 34. Ra8 a5 35. Ra6 Bd5 36. Rxb6 Kf6 37. Rb5 Kf5 38. Rxa5 Kxf4 39. a4 {[%emt 0:01:18][%cal Oa5d5] Black must now prevent Rxd5!} f5 {[%emt 0:00:26] [#]} 40. Rxd5 $1 {[%emt 0:00:05] White mates.} exd5 {[%emt 0:00:35] KN-KP} 41. a5 d4 42. a6 Ke4 43. a7 d3 44. a8=Q+ Kd4 45. Qd8+ Kc3 46. Qxd3+ Kxb2 47. Kf1 Kc1 48. Ke2 Kb2 49. Kd2 Ka1 50. Kc2 {[%emt 0:00:05] White took control after the opening.  Weighted Error Value: White=0.19 (very precise) /Black=0.93} 1-0

[Event "Hungarian Youth-ch U12 2022"]
[Site "Eger"]
[Date "2022.07.28"]
[Round "6.4"]
[White "Juhasz, Edmond"]
[Black "Karacsonyi, Bank"]
[Result "0-1"]
[ECO "C50"]
[WhiteElo "1510"]
[BlackElo "1791"]
[Annotator "NA RC COMBH"]
[PlyCount "132"]
[EventDate "2022.07.21"]
[EventType "tourn"]
[EventCountry "HUN"]
[SourceTitle "playchess.com"]
[Source "ChessBase"]
[SourceQuality "1"]
[TimeControl "40/5400+30:1800+30"]

1. e4 e5 2. Nf3 Nc6 3. Bc4 Bc5 4. Nc3 Nf6 5. d3 d6 6. h3 a6 7. a3 h6 8. Qe2 Be6 9. Bxe6 fxe6 10. Be3 Nd4 11. Qd1 Qd7 12. Bxd4 exd4 13. Ne2 e5 14. Qd2 O-O-O 15. Qa5 Rhe8 16. O-O-O Bb6 17. Qb4 d5 18. Ng3 Qe6 19. Qb3 dxe4 20. Qxe6+ Rxe6 21. Nxe4 Nxe4 22. dxe4 g5 23. Rd3 c5 24. Nd2 Bc7 25. c4 dxc3 26. Rxd8+ Bxd8 27. bxc3 b5 28. Kc2 c4 29. Rd1 Bb6 30. f3 Bc5 31. Nb1 Kc7 32. Rd5 Bd6 33. Kb2 h5 34. Rd1 g4 35. hxg4 hxg4 36. Nd2 Rg6 37. Nb1 gxf3 38. gxf3 Rg2+ 39. Rd2 Rg1 40. Rf2 Bc5 41. Rh2 Rg3 42. Rh7+ Kb6 43. Rh5 Rg2+ 44. Ka1 Bd6 45. Rh6 Kc5 46. Rh5 Rf2 47. Rf5 Kc6 48. Rf7 a5 49. Rf6 Kc5 50. Rf7 Kc6 51. Rf6 Kd7 52. Rf7+ Be7 53. Rf5 Ke6 54. Rh5 Rxf3 55. Rh6+ Rf6 56. Rxf6+ Kxf6 57. Kb2 Kg5 58. Nd2 Kf4 59. a4 bxa4 60. Nxc4 Kxe4 61. Nxa5 Kd5 62. c4+ Kd6 63. c5+ Kxc5 64. Kc3 e4 65. Kc2 Kb5 66. Nb7 Kb6 0-1

[Event "Hungarian Youth-ch U12 2022"]
[Site "Eger"]
[Date "2022.07.28"]
[Round "6.5"]
[White "Feher, Botond"]
[Black "Bod, Marton"]
[Result "1-0"]
[ECO "B21"]
[WhiteElo "1747"]
[BlackElo "1758"]
[Annotator "NA RC COMBH"]
[PlyCount "83"]
[EventDate "2022.07.21"]
[EventType "tourn"]
[EventCountry "HUN"]
[SourceTitle "playchess.com"]
[Source "ChessBase"]
[SourceQuality "1"]
[TimeControl "40/5400+30:1800+30"]

1. e4 c5 2. d4 cxd4 3. c3 Nf6 4. e5 Nd5 5. Qxd4 e6 6. Bd3 Nc6 7. Qe4 f5 8. Qe2 Qc7 9. Nf3 Be7 10. O-O O-O 11. a3 Na5 12. Nd4 a6 13. b4 Nc6 14. Nxc6 Qxc6 15. c4 Nc7 16. Nc3 b5 17. c5 Bb7 18. f3 Bxc5+ 19. bxc5 Qxc5+ 20. Be3 Qxc3 21. Rac1 Qxa3 22. Bc5 Qa5 23. Ra1 Qxa1 24. Rxa1 Rfc8 25. Bd6 Nd5 26. Qd2 h6 27. h3 Kh7 28. h4 g6 29. Bc2 Rc4 30. Qf2 Rac8 31. Bb3 Rc3 32. Bxd5 Bxd5 33. Rxa6 Rc1+ 34. Kh2 h5 35. Qa7 Bc6 36. Rxc6 R1xc6 37. Qxd7+ Kh8 38. Qxe6 b4 39. Qf6+ Kh7 40. Qf7+ Kh8 41. Be7 b3 42. e6 1-0

[Event "Hungarian Youth-ch U12 2022"]
[Site "Eger"]
[Date "2022.07.29"]
[Round "7.1"]
[White "Bod, Marton"]
[Black "Horvath, Andras"]
[Result "0-1"]
[ECO "C45"]
[WhiteElo "1758"]
[BlackElo "2251"]
[Annotator "TA"]
[PlyCount "69"]
[EventDate "2022.07.21"]
[EventType "tourn"]
[EventCountry "HUN"]
[SourceTitle "playchess.com"]
[Source "ChessBase"]
[SourceQuality "1"]
[TimeControl "40/5400+30:1800+30"]

1. e4 e5 2. Nf3 Nc6 3. d4 exd4 4. Nxd4 Bc5 5. Be3 Bb6 (5... Qf6 $11 6. c3 Nge7) 6. g3 {[%emt 0:07:09] C45: Scotch Game.} (6. Nf5 $14) 6... Nf6 $11 7. Bg2 d6 8. Nc3 {[%emt 0:05:10] The position is equal.} O-O 9. Nxc6 bxc6 10. Bxb6 axb6 {[%emt 0:01:48] [#]} 11. Qd2 $146 ({Predecessor:} 11. O-O Ra5 12. f4 Be6 13. a4 c5 14. h3 h5 15. b3 c6 16. Qe2 Re8 17. Rad1 {0-1 (61) Sveshnikov,E (2435)-Zeitlein,M (2460) Budapest 1989}) 11... Be6 12. f4 Re8 13. Qd3 {[%emt 0:03:57] [#]} (13. O-O $11 {keeps the balance.}) 13... b5 $1 $17 14. b3 Bf5 (14... b4 $17 15. Ne2 Bc8) 15. O-O $1 $11 Bd7 16. e5 (16. a4 $11) 16... dxe5 $15 17. fxe5 Rxe5 {[%emt 0:03:36] ...Qe7 is the strong threat.} 18. Rad1 (18. Rae1 $142 Rxe1 19. Rxe1) 18... Re6 (18... Qe7 $17 {White must now prevent ...Bg4.} 19. Rd2 (19. Rxf6 $2 gxf6 20. Qxd7 Re1+ 21. Bf1 Qe3+ 22. Kg2 Qxc3 $19) 19... Re8) 19. Rxf6 Qxf6 20. Qxd7 {[%emt 0:00:17][%mdl 8192] White does not recover from this.} ({White must play} 20. Ne4 $15 Rxe4 21. Qxe4 (21. Bxe4 Bg4 $15)) 20... Qxc3 $19 21. Qxc7 $2 (21. Qd8+ Re8 22. Qd2 Qc5+ 23. Qf2 Qxf2+ 24. Kxf2) 21... Re1+ {[%emt 0:08:54] Black is clearly winning.} 22. Rxe1 Qxe1+ {[%emt 0:00:11][%mdl 4096] Endgame KQR-KQB} 23. Bf1 Qe3+ 24. Kg2 Qd2+ 25. Kh3 Qxc2 {[%emt 0:03:12] [#] Hoping for ...Qf5+.} 26. Bg2 Qf5+ 27. g4 Qd3+ 28. Kh4 Qd8+ 29. Qxd8+ Rxd8 30. Bxc6 {[%emt 0:00:08] KR-KB} b4 31. Kg3 Rd2 32. h4 Rxa2 33. Kf3 Kf8 34. Ke3 Rh2 35. Kd4 {Weighted Error Value: White=1.03/Black=0.44} 0-1

[Event "Hungarian Youth-ch U12 2022"]
[Site "Eger"]
[Date "2022.07.29"]
[Round "7.2"]
[White "Karacsonyi, Bank"]
[Black "Feher, Botond"]
[Result "1-0"]
[ECO "B38"]
[WhiteElo "1791"]
[BlackElo "1747"]
[Annotator "NA RC COMBH"]
[PlyCount "147"]
[EventDate "2022.07.21"]
[EventType "tourn"]
[EventCountry "HUN"]
[SourceTitle "playchess.com"]
[Source "ChessBase"]
[SourceQuality "1"]
[TimeControl "40/5400+30:1800+30"]

1. e4 c5 2. Nf3 Nc6 3. d4 cxd4 4. Nxd4 g6 5. c4 Bg7 6. Be3 Nf6 7. Nc3 d6 8. Be2 O-O 9. O-O Bd7 10. Qd2 Nxd4 11. Bxd4 Bc6 12. f3 a5 13. b3 Nd7 14. Be3 Nc5 15. Rab1 Qb6 16. Rfc1 Rfc8 17. a3 Qd8 18. Bd1 b6 19. Nd5 Bxd5 20. cxd5 Nd7 21. Be2 Ra7 22. Bb5 Rxc1+ 23. Rxc1 Nc5 24. Rb1 Rc7 25. b4 axb4 26. axb4 Nd7 27. Rc1 Nf8 28. Bc6 Rc8 29. Qe2 h5 30. Qb5 Rb8 31. Rc2 e6 32. Rd2 Qh4 33. Rd1 Be5 34. h3 g5 35. Qf1 Ng6 36. Qe1 Bg3 37. Bf2 Bxf2+ 38. Qxf2 Qxf2+ 39. Kxf2 e5 40. Rc1 Ne7 41. b5 Ng6 42. g3 Nf8 43. Ke3 Kg7 44. Rh1 Kg6 45. h4 gxh4 46. Rxh4 Nh7 47. Rh1 f6 48. Ra1 Nf8 49. Kf2 Kg5 50. Kg2 h4 51. Ra7 hxg3 52. Kxg3 f5 53. Rf7 fxe4 54. fxe4 Kg6 55. Rc7 Kg5 56. Ra7 Kh5 57. Bd7 Kg5 58. Bf5 Kf6 59. Kg4 Ng6 60. Bxg6 Kxg6 61. Rd7 Rf8 62. Rxd6+ Kg7 63. Rxb6 Rf4+ 64. Kg5 Rxe4 65. Rb7+ Kf8 66. Kf6 Ke8 67. d6 Kd8 68. Ke6 Kc8 69. Rh7 Rd4 70. Ke7 e4 71. Rh8+ Kb7 72. d7 e3 73. d8=Q Rxd8 74. Kxd8 1-0

[Event "Hungarian Youth-ch U12 2022"]
[Site "Eger"]
[Date "2022.07.29"]
[Round "7.3"]
[White "Horvath, Matyas Sandor"]
[Black "Juhasz, Edmond"]
[Result "0-1"]
[ECO "D02"]
[WhiteElo "1431"]
[BlackElo "1510"]
[Annotator "NA RC COMBH"]
[PlyCount "104"]
[EventDate "2022.07.21"]
[EventType "tourn"]
[EventCountry "HUN"]
[SourceTitle "playchess.com"]
[Source "ChessBase"]
[SourceQuality "1"]
[TimeControl "40/5400+30:1800+30"]

1. d4 d5 2. Nf3 Nf6 3. Bf4 Bf5 4. e3 e6 5. c3 c6 6. Bd3 Bxd3 7. Qxd3 Ne4 8. Nbd2 Nxd2 9. Nxd2 Bd6 10. Bxd6 Qxd6 11. O-O Nd7 12. Rfe1 c5 13. e4 c4 14. Qe2 O-O 15. exd5 exd5 16. Qe7 Qxe7 17. Rxe7 Rfd8 18. Nf3 Kf8 19. Rae1 h6 20. Nd2 Re8 21. Rxe8+ Rxe8 22. Rxe8+ Kxe8 23. f3 b5 24. b4 Nb6 25. Kf2 Na4 26. Nb1 Nb2 27. Ke3 Nd3 28. Na3 a6 29. Kd2 f5 30. g3 Ke7 31. Nc2 Ke6 32. Ne1 Nxe1 33. Kxe1 f4 34. gxf4 Kf5 35. Kf2 Kxf4 36. Ke2 g5 37. Kf2 h5 38. a3 Kf5 39. Ke3 g4 40. Kf2 Kf4 41. fxg4 hxg4 42. Kg2 Ke3 43. Kg3 Kd3 44. Kxg4 Kxc3 45. h4 Kxd4 46. h5 Ke5 47. Kg5 c3 48. h6 c2 49. Kg6 c1=Q 50. h7 Qh1 51. Kg7 Qxh7+ 52. Kxh7 d4 0-1

[Event "Hungarian Youth-ch U12 2022"]
[Site "Eger"]
[Date "2022.07.29"]
[Round "7.4"]
[White "Lehocz, Jozsef Jr."]
[Black "Onodi, Miklos"]
[Result "1-0"]
[ECO "B21"]
[WhiteElo "1919"]
[BlackElo "1901"]
[Annotator "TA"]
[PlyCount "75"]
[EventDate "2022.07.21"]
[EventType "tourn"]
[EventCountry "HUN"]
[SourceTitle "playchess.com"]
[Source "ChessBase"]
[SourceQuality "1"]
[TimeControl "40/5400+30:1800+30"]

1. e4 c5 2. d4 cxd4 3. c3 Nf6 4. e5 Nd5 5. Nf3 Nc6 6. Bc4 Nb6 7. Bb3 d5 8. exd6 Qxd6 9. O-O Be6 10. Bxe6 Qxe6 11. Nxd4 Nxd4 12. Qxd4 Rd8 13. Qh4 Qe2 14. Nd2 Rxd2 {[%emt 0:04:22] B22: Sicilian: 2 c3.} 15. Bxd2 Qxd2 16. Rad1 Qh6 {[%emt 0:00:19] Black has an edge.} 17. Qg3 {[%emt 0:10:28] Threatening mate with Qb8+.} (17. Qd4 Qd6 18. Qg4 Qc7 $15) 17... Qc6 18. Rd4 Nc8 $2 (18... f6 $15 {stays ahead.} 19. Qb8+ Kf7) 19. Rfd1 $1 $16 {[%emt 0:04:52][%csl Gd1][%cal Rd4d8][%mdl 1024] White has strong compensation.} Nd6 20. Qe5 $40 {[%emt 0:01:15][%mdl 128] White attacks with force.} Kd7 21. c4 $1 {[%emt 0:07:55] 0x0.0013bb769b48dp-1022s more active pieces. The black rooks are badly placed.} f6 {[%emt 0:01:41] [#]} (21... Kc8 $2 22. c5 Kb8 23. cxd6 exd6 24. Qe3 $18) 22. Qg3 $146 ({White should play} 22. Qf5+ $1 $16 Kc7 23. Qa5+ Kb8 24. c5) ({Predecessor:} 22. Qa5 e5 23. Rxd6+ Bxd6 24. c5 Rc8 25. cxd6 a6 26. Qb4 Ke8 27. Qb3 Kf8 28. h3 {1-0 (36) Voros,G (2069)-Takacs,L (2110) Slovakia 2015}) 22... g6 {[%emt 0:02:43] [#] White stays focused until the end.} (22... Ke8 $11 {keeps the balance.}) 23. b4 $1 b6 {[%emt 0:06:25] [#] Against c5} (23... Ke8 $16) 24. Qa3 $1 $18 {[%emt 0:01:01] Strongly threatening c5. Really sharp!} ({Weaker is} 24. b5 Qb7 $11) 24... Ke8 25. Qxa7 {[%emt 0:07:07] Hoping for c5.} Bg7 $2 {[%emt 0:04:10] [#]} (25... Nxc4 26. Rc1 (26. Rxc4 $2 Qxc4 27. Qxb6 Qxa2 $19) 26... b5) 26. Rxd6 $1 {[%emt 0:01:11][%mdl 576] Pin} Qxc4 (26... Qe4 27. Qa4+) 27. Qa8+ (27. Re1 $142 Bf8 28. Rxf6 Qd5 29. Qxb6 Rg8 30. Qb8+ Qd8 31. Qb5+ Qd7 32. Qc4) 27... Kf7 28. Qd5+ (28. Rd8 $142 Rxd8 29. Qxd8) 28... Qxd5 29. R6xd5 {[%emt 0:00:07][%cal Bd6d5,Bd5b5,Bb5b6][%mdl 4128] Endgame And now Rd8 would win. KRR-KRB} f5 $2 (29... Ra8 {was worth a try.} 30. Rb5 Rxa2 31. Rxb6 f5) 30. Rb5 Ra8 31. Rd2 ({Much less strong is} 31. Rxb6 Rxa2 32. g3 Rb2 $18) 31... Ra4 $2 (31... Bc3 32. Rc2 Bd4) 32. Rxb6 Bc3 33. Rc2 Bd4 34. Rb7 Ke6 35. g3 {[%emt 0:00:34] White is clearly winning.} Kd6 36. b5 Ra5 37. Rc6+ Kd5 38. Ra6 {[%emt 0:00:08] Weighted Error Value: White=0.39/Black=0.85} 1-0

[Event "Hungarian Youth-ch U12 2022"]
[Site "Eger"]
[Date "2022.07.29"]
[Round "7.5"]
[White "Janosi, Bence"]
[Black "Kovacs, Kristof"]
[Result "0-1"]
[ECO "D53"]
[WhiteElo "1428"]
[BlackElo "1812"]
[Annotator "NA COMBH"]
[PlyCount "100"]
[EventDate "2022.07.21"]
[EventType "tourn"]
[EventCountry "HUN"]
[SourceTitle "playchess.com"]
[Source "ChessBase"]
[SourceQuality "1"]
[TimeControl "40/5400+30:1800+30"]

1. d4 d5 2. c4 e6 3. Nc3 Nf6 4. Bg5 Be7 5. Nf3 Nbd7 6. e3 b6 7. Bf4 c6 8. a3 Bb7 9. Bd3 O-O 10. h3 Rc8 11. O-O (11. cxd5 {should be considered.} cxd5 12. Nb5) 11... dxc4 12. Bxc4 c5 13. d5 exd5 14. Nxd5 Nxd5 15. Bxd5 Ba6 16. Re1 Nf6 17. Bb3 Qxd1 18. Raxd1 c4 19. Bc2 Rfd8 20. Ne5 Nd5 21. Bf5 Rc5 22. Bg3 g6 23. Be4 Bf6 24. Nc6 $2 Rxc6 25. Bxd5 (25. Rxd5 $17 Rxd5 26. Bxd5) 25... Rxd5 $2 26. Rxd5 Bxb2 {[%emt 0:00:04] [#]} 27. Be5 ({White should play} 27. Rd7 $1 $16) 27... Bxe5 28. Rxe5 c3 29. Rc1 Bc8 (29... c2 $11 {remains equal.}) 30. Kf1 Be6 31. Ke1 a5 32. f3 Bb3 33. Re8+ Kg7 34. Rd8 b5 35. Ra8 (35. Ke2 $14) 35... a4 (35... c2 $1 $11 36. Rd8 (36. Rxa5 $2 Rd6 $19) 36... Kf6) 36. Rd8 h5 37. Rd3 c2 38. Kd2 Kf6 $11 39. Rc3 (39. h4 $14) 39... Rd6+ 40. Rd3 Rb6 41. Rxc2 (41. Rd4 $14) 41... Bxc2 42. Kxc2 Ke5 43. Kb2 ({Better is} 43. Rd7 $11) 43... f5 (43... b4 $1 $15) 44. Kc2 (44. Rd4 $11) 44... Rc6+ (44... b4 $15) 45. Kd2 h4 46. f4+ Ke6 47. Rd8 Rd6+ 48. Rxd6+ Kxd6 $19 49. Kc2 Kc5 50. Kc3 b4+ 0-1

[Event "Hungarian Youth-ch U12 2022"]
[Site "Eger"]
[Date "2022.07.29"]
[Round "7.6"]
[White "Balazs, Szabina Zoe"]
[Black "Torok, Rita"]
[Result "1-0"]
[ECO "C55"]
[WhiteElo "1437"]
[BlackElo "1275"]
[Annotator "NA RC COMBH"]
[PlyCount "71"]
[EventDate "2022.07.21"]
[EventType "tourn"]
[EventCountry "HUN"]
[SourceTitle "playchess.com"]
[Source "ChessBase"]
[SourceQuality "1"]
[TimeControl "40/5400+30:1800+30"]

1. e4 e5 2. Nf3 Nc6 3. Bc4 Nf6 4. d3 Be7 5. c3 d6 6. O-O O-O 7. Bb3 Bg4 8. h3 Bd7 9. Re1 Re8 10. Nbd2 h6 11. Nf1 Na5 12. Bc2 c5 13. Ng3 Be6 14. Be3 b6 15. d4 exd4 16. cxd4 cxd4 17. Nxd4 Rc8 18. Ngf5 Bxf5 19. Nxf5 Nc4 20. Bd4 Qc7 21. Ba4 Red8 22. Rc1 Qb7 23. Qe2 Ne5 24. f4 Ng6 25. Rxc8 Rxc8 26. Bxf6 Bxf6 27. Nxd6 Nxf4 28. Qg4 Qa6 29. Qxc8+ Qxc8 30. Nxc8 Nd3 31. Rf1 Nxb2 32. Bb3 Nd3 33. Nxa7 Bd4+ 34. Kh2 Be5+ 35. g3 Bf6 36. Nc8 1-0

[Event "Hungarian Youth-ch U12 2022"]
[Site "Eger"]
[Date "2022.07.29"]
[Round "7.7"]
[White "Brieber, Dorottya"]
[Black "Balogh, Gerda"]
[Result "1-0"]
[ECO "C47"]
[WhiteElo "1242"]
[BlackElo "1531"]
[Annotator "NA RC COMBH"]
[PlyCount "85"]
[EventDate "2022.07.21"]
[EventType "tourn"]
[EventCountry "HUN"]
[SourceTitle "playchess.com"]
[Source "ChessBase"]
[SourceQuality "1"]
[TimeControl "40/5400+30:1800+30"]

1. e4 e5 2. Nf3 Nc6 3. Bc4 Nf6 4. Nc3 Nxe4 5. Qe2 Nxc3 6. dxc3 d6 7. Ng5 d5 8. Bb3 Be7 9. Nf3 Bf6 10. Nd4 Nxd4 11. cxd4 O-O 12. Bd2 exd4 13. O-O Re8 14. Qf3 c6 15. Rfe1 Be6 16. c3 Qb6 17. Re2 Re7 18. Rae1 Rae8 19. Bh6 Qd8 20. Bf4 Qd7 21. h3 Bf5 22. cxd4 Be4 23. Qg3 Bxd4 24. Be3 Bxe3 25. Rxe3 Re6 26. Qg4 f5 27. Qf4 Kf7 28. Rg3 Qd6 29. Qh4 Rh6 30. Qg5 Qf6 31. Qf4 Rh4 32. Qc7+ Re7 33. Qa5 a6 34. f3 Qd4+ 35. Kh2 Qf2 36. fxe4 Re6 37. Qc3 fxe4 38. Qxg7+ Ke8 39. Qg8+ Ke7 40. Rg7+ Kd6 41. Qd8+ Kc5 42. Rc1+ Kb5 43. Rxb7+ 1-0

[Event "Hungarian Youth-ch U12 2022"]
[Site "Eger"]
[Date "2022.07.29"]
[Round "7.9"]
[White "Biro, Beata"]
[Black "Molnar, Dalma Reka"]
[Result "1-0"]
[ECO "D00"]
[WhiteElo "1551"]
[BlackElo "1521"]
[Annotator "NA RC COMBH"]
[PlyCount "151"]
[EventDate "2022.07.21"]
[EventType "tourn"]
[EventCountry "HUN"]
[SourceTitle "playchess.com"]
[Source "ChessBase"]
[SourceQuality "1"]
[TimeControl "40/5400+30:1800+30"]

1. d4 d5 2. e3 Nf6 3. c3 c5 4. Bd3 Nc6 5. f4 g6 6. Nf3 Bg7 7. O-O O-O 8. Qe1 Qc7 9. Ne5 Ne4 10. Nd2 Bf5 11. Ndf3 Nxe5 12. Nxe5 f6 13. Nf3 Ng3 14. Bxf5 Nxf5 15. e4 dxe4 16. Qxe4 cxd4 17. Nxd4 Nxd4 18. Qxd4 e5 19. fxe5 fxe5 20. Qd5+ Kh8 21. Be3 a6 22. Rad1 b5 23. Rxf8+ Rxf8 24. Qd6 Qb7 25. Qd5 Qxd5 26. Rxd5 Kg8 27. Rd6 Ra8 28. Kf2 Kf7 29. Kf3 a5 30. Rb6 b4 31. c4 e4+ 32. Kxe4 Bxb2 33. c5 Bc3 34. Kd3 a4 35. c6 Ke7 36. Bc5+ Kd8 37. Rb7 h6 38. Bxb4 Bxb4 39. Rxb4 Ra6 40. h4 Kc7 41. Rc4 a3 42. Rc3 g5 43. hxg5 hxg5 44. Ke4 Ra5 45. g3 g4 46. Rc4 Rg5 47. Kf4 Rg8 48. Rc3 Rg7 49. Kf5 Rg8 50. Rxa3 Kxc6 51. Ra4 Kd6 52. Ra6+ Ke7 53. a4 Rf8+ 54. Kxg4 Rg8+ 55. Kf4 Rf8+ 56. Ke5 Rf1 57. Ra7+ Kf8 58. a5 Ra1 59. Kf6 Kg8 60. Kg6 Kf8 61. g4 Ra4 62. g5 Ra1 63. a6 Ra2 64. Ra8+ Ke7 65. a7 Ra6+ 66. Kh5 Ra1 67. g6 Rh1+ 68. Kg5 Rg1+ 69. Kh6 Rh1+ 70. Kg7 Ra1 71. Rf8 Rxa7 72. Rf7+ Ke8 73. Rxa7 Kd8 74. Kh7 Ke8 75. g7 Kd8 76. g8=Q# 1-0

[Event "Hungarian Youth-ch U12 2022"]
[Site "Eger"]
[Date "2022.07.30"]
[Round "8.1"]
[White "Horvath, Andras"]
[Black "Kovacs, Kristof"]
[Result "0-1"]
[ECO "C44"]
[WhiteElo "2251"]
[BlackElo "1812"]
[Annotator "TA"]
[PlyCount "56"]
[EventDate "2022.07.21"]
[EventType "tourn"]
[EventCountry "HUN"]
[SourceTitle "playchess.com"]
[Source "ChessBase"]
[SourceQuality "1"]
[TimeControl "40/5400+30:1800+30"]

1. e4 e5 2. Nf3 Nc6 3. d4 exd4 4. Nxd4 Nf6 5. Nxc6 bxc6 6. Nc3 Bb4 7. Bd3 d5 8. exd5 cxd5 9. O-O O-O 10. Bg5 c6 11. a3 Be7 12. Re1 {[%emt 0:03:47] C47: Scotch Four Knights and Four Knights with 4 g3.} Be6 13. Qd2 {[%emt 0:04:03] [#]} Nd7 $146 ({Predecessor:} 13... c5 14. Rad1 Rb8 15. Qc1 Qb6 16. b3 Rfd8 17. Bf4 Rbc8 18. Bf1 h6 19. h3 Qa5 {½-½ (55) Kucuk,A (1129)-Ozgur,S (1530) Konya 2018}) 14. Bxe7 {[%emt 0:01:17] White is slightly better.} Qxe7 15. Ba6 Nc5 {[%emt 0:01:54] Against Bb7} 16. Bd3 Qf6 17. Re3 d4 18. Ne4 Nxe4 (18... Qg6 {keeps more tension.} 19. Re2 Bd5 20. f3 Bxe4 21. Bxe4 Nxe4 22. Rxe4 c5) 19. Rxe4 c5 20. b3 Rfd8 (20... Bd5 $11) 21. Rae1 $16 Rac8 22. Ba6 (22. h3 $16) 22... Rb8 23. Qa5 (23. Qe2 $14 {might be stronger.}) 23... g6 (23... Bf5 $5 ) 24. Qxc5 ({Better is} 24. Re5 $11) 24... Bf5 $15 {[%emt 0:00:39][%mdl 64] [#] Discovered Attack} 25. Bc4 $2 {[%emt 0:04:51][%mdl 8192] This move loses the game for White.} Bxe4 $19 {[%emt 0:00:32] Black is clearly winning.} 26. Rxe4 d3 $1 27. Re1 {[%emt 0:04:09] Prevents Qa1.} dxc2 {[%emt 0:00:22] aiming for ...Rd1.} 28. Qxa7 Qf4 {[%emt 0:01:18] Weighted Error Value: White=0.98/Black=0.24 (precise)} 0-1

[Event "Hungarian Youth-ch U12 2022"]
[Site "Eger"]
[Date "2022.07.30"]
[Round "8.2"]
[White "Onodi, Miklos"]
[Black "Janosi, Bence"]
[Result "1-0"]
[ECO "D00"]
[WhiteElo "1901"]
[BlackElo "1428"]
[Annotator "TA"]
[PlyCount "63"]
[EventDate "2022.07.21"]
[EventType "tourn"]
[EventCountry "HUN"]
[SourceTitle "playchess.com"]
[Source "ChessBase"]
[SourceQuality "1"]
[TimeControl "40/5400+30:1800+30"]

1. d4 d5 2. Bf4 Nf6 3. e3 Bf5 4. c4 c6 5. Nc3 e6 6. Qb3 {[%emt 0:00:23] D10: Slav Defence: 3 cxd5 (without early Nf3) and 3 Nc3.} Qb6 7. c5 Qxb3 8. axb3 {[%emt 0:00:08] White is slightly better.} Nbd7 9. b4 Nh5 {[%emt 0:08:17] [#] 9...Nh5 scores better than 9...Be7.} 10. Bg5 (10. Bc7) (10. Bc7 $1 $16) 10... h6 $11 11. Bh4 g5 12. Be2 Ndf6 {[%emt 0:01:39] Prevents g4.} 13. Bg3 Nxg3 14. hxg3 Bg7 15. b5 {[%emt 0:01:22] [#]} Ke7 $146 (15... Ne4 16. Nf3 Nxc3 17. bxc3 Kd7 18. O-O cxb5 19. Bxb5+ Kc7 20. Ra2 Bf6 21. Rfa1 a6) ({Predecessor:} 15... Ne4 16. Nf3 Nxc3 17. bxc3 Kd7 18. O-O cxb5 19. Bxb5+ Kc7 20. Ra2 Bf6 21. Rfa1 a6 {0-1 (45) Hadzi Manev,L (2030)-Marinskii,Y (2156) Skopje 2019}) 16. Nf3 {[%emt 0:00:39] And now bxc6 would win.} Nd7 (16... Ne4) (16... Ne4 $11) 17. Kd2 $16 Bg6 18. b4 Rhc8 (18... cxb5 19. Bxb5 a6) 19. bxc6 bxc6 20. Ba6 {[%emt 0:00:18] White is more active.} ({White should try} 20. Ra6) 20... Rcb8 (20... Rc7) (20... Rc7 $16) 21. b5 $18 Kd8 22. Ra2 ({And not} 22. bxc6 Rb2+ 23. Kc1 Rc2+ 24. Kd1 Nxc5 25. dxc5 Rxc3 $15) 22... Kc7 23. Rha1 cxb5 24. Nxb5+ Kc6 25. Nc3 Kc7 26. Be2 a5 (26... Kd8 27. c6 (27. Rxa7 Rxa7 28. Rxa7 Nxc5) 27... Nb6) (26... Kd8 {keeps fighting.} 27. c6 (27. Rxa7 Rxa7 28. Rxa7 Nxc5 $11) 27... Nf6) 27. Nb5+ (27. Rxa5 Rxa5 28. Rxa5 Rb2+ 29. Kd1 Kb8 30. Rb5+ Rxb5 31. Nxb5 f5) ({Weaker is} 27. Rxa5 Rxa5 28. Rxa5 Rb2+ 29. Kd1 Kb8 30. Rb5+ Rxb5 31. Nxb5 f5 $16) 27... Kc6 28. Rxa5 Rxa5 29. Rxa5 {[%emt 0:00:19] Threatens to win with Ra6+. The board is on fire.} Bf8 $2 (29... Nxc5 30. Na7+ Kd7 31. Rxc5 Rb2+ 32. Kd1 Ke8 33. Rc8+ Ke7) (29... Nxc5 30. Na7+ Kd7 31. Rxc5 Rb2+ 32. Kd1 Rb1+ 33. Rc1 Rxc1+ 34. Kxc1 f6) 30. Ra7 Rc8 {[%emt 0:01:59] Prevents Rc7+.} 31. Nc3 {[%emt 0:01:07][%csl Gc3][%cal Re2b5] Pair of Knights!} Rb8 {[%emt 0:01:13] [#] Prevents Bb5+.} 32. Bb5+ $1 {[%emt 0:00:32][%mdl 512] Weighted Error Value: White=0.18 (very precise) /Black=0.21 (precise)} 1-0